 Dungeon Crawl Stone Soup version 0.20-a0-1061-gbbf974c (webtiles) character file.

99 MrRokkomies the Vexing (level 4, 0/32 HPs)
             Began as a Gnoll Arcane Marksman on Apr 27, 2017.
             Slain by twist's ghost (3 damage)
             ... on level 3 of the Dungeon.
             The game lasted 00:04:53 (2303 turns).

MrRokkomies the Vexing (Gnoll Arcane Marksman)      Turns: 2303, Time: 00:04:53

Health: 0/32       AC:  5    Str: 15    XL:     4   Next: 72%
Magic:  6/6        EV: 12    Int: 13    God:
Gold:   120        SH:  0    Dex: 14    Spells: 3/6 levels left

rFire    . . .     SeeInvis .   j - -3 long sword (curse)
rCold    . . .     Gourm    .   (no shield)
rNeg     . . .     Faith    .   l - +0 ring mail
rPois    +         Spirit   .   (no helmet)
rElec    .         Reflect  .   (no cloak)
rCorr    .         Harm     .   (no gloves)
MR       .....                  (no boots)
Stlth    +.........             (no amulet)
Regen    0.1/turn               m - ring of poison resistance
MPRegen  0.1/turn               (no ring)

@: mighty
A: short attention span, fangs 1, strong nose
a: no special abilities


You were on level 3 of the Dungeon.
You were not hungry.

You visited 1 branch of the dungeon, and saw 3 of its levels.

You collected 120 gold pieces.

Inventory:

Hand Weapons
 a - a +1 hand crossbow
 b - a +0 trident
 j - a cursed -3 long sword (weapon)
Missiles
 d - 42 bolts
Armour
 l - a +0 ring mail (worn)
Jewellery
 m - a ring of poison resistance (left hand)
Scrolls
 g - 3 scrolls of teleportation
Potions
 h - a potion of ambrosia
 k - a potion of curing
 n - a potion of might
Books
 c - a book of Debilitation

   Spells                             Type                      Level
   a - Corona                         Hexes                        1
   b - Slow                           Hexes                        2
   c - Inner Flame                    Hexes/Fire                   3
   d - Portal Projectile              Hexes/Translocation          3
   e - Cause Fear                     Hexes                        4
   f - Leda's Liquefaction            Hexes/Earth                  4
Comestibles
 f - 3 bread rations
 o - 2 royal jellies


   Skills:
 - Level 1.5 Fighting
 * Level 1.5 Long Blades
 * Level 4.9 Crossbows
 - Level 3.0 Dodging
 - Level 1.7 Spellcasting
 - Level 6.2 Hexes


You had 3 spell levels left.
You knew the following spells:

 Your Spells              Type           Power        Failure   Level  Hunger
a - Corona                Hex            ###....      4%          1    ##.....
b - Slow                  Hex            ###.....     6%          2    ###....


Dungeon Overview and Level Annotations

Branches:
Dungeon (3/15)

Altars:

Annotations:
D:3 twist's ghost, weakling DDNe


Innate Abilities, Weirdness & Mutations

You have a short attention span.
You have very sharp teeth.
Your uncanny sense of smell can sniff out nearby items.


Message History

Twist's ghost whispers, "Soon you will have time, lots of time..."
You feel very mighty all of a sudden. Twist's ghost barely misses you.
You closely miss twist's ghost. You bite twist's ghost!
Twist's ghost is moderately damaged.
Twist's ghost hits you but does no damage.
You slash twist's ghost!
Twist's ghost is almost destroyed.
Twist's ghost closely misses you. Twist's ghost hits you.
You hit twist's ghost.
Twist's ghost is almost destroyed.
Twist's ghost hits you.
You closely miss twist's ghost.
Twist's ghost is almost destroyed.
Twist's ghost hits you!
* * * LOW HITPOINT WARNING * * *
You barely miss twist's ghost.
Twist's ghost is almost destroyed.
Twist's ghost completely misses you. Twist's ghost hits you.
You die...

.####.# #.# o. .#
#.# #.########....
.# #.#
#.............
.####.####..##..#
.......†....###.##
#####.)..........#
#.#.########.#
#.#.# #W# #.#.#
#@# #.#.# ∆∆ #.#
#.#.# ∆∆ #)# #.#.#
#.# #.# #.# ∆ #..
#.. ...#


You could see twist's ghost.

Vanquished Creatures
  4 adders
  An ooze (D:1)
  A worm (D:3)
  2 dart slugs
  2 leopard geckos (D:2)
  3 orcs (D:3)
  11 bats
  A giant cockroach (D:1)
  5 goblins
  6 hobgoblins
  2 kobolds
  3 ball pythons
  5 frilled lizards
  4 rats
50 creatures vanquished.

Notes
Turn   | Place    | Note
-------+----------+-------------------------------------------
     0 | D:1      | MrRokkomies the Gnoll Arcane Marksman began the quest for the Orb.
     0 | D:1      | Reached XP level 1. HP: 15/15 MP: 3/3
   145 | D:1      | Reached XP level 2. HP: 21/21 MP: 4/4
   227 | D:1      | Reached skill level 5 in Hexes
   807 | D:1      | Reached XP level 3. HP: 15/26 MP: 5/5
  1123 | D:1      | Learned a level 2 spell: Slow
  1652 | D:2      | Reached XP level 4. HP: 21/32 MP: 6/6
  1776 | D:2      | Reached skill level 6 in Hexes
  2158 | D:3      | Reached skill level 1 in Long Blades
  2287 | D:3      | Noticed twist's ghost (weakling DDNe)
  2303 | D:3      | Slain by twist's ghost

Vault maps used:
D:1:      matt_arrival_spirals
D:3:      minivault_5

Skill      XL: |  1  2  3  4 |
---------------+-------------+-----
Hexes          | 5 6 |  6.2
Crossbows      | 4 |  4.9
Long Blades    | 1 |  1.5
Fighting       | |  1.5
Dodging        | |  3.0
Spellcasting   | |  1.7

Action                   |  1- 3 |  4- 6 || total
-------------------------+-------+-------++-------
Melee: Hand axe          |    17 |       ||    17
       Bite              |    10 |    11 ||    21
       Mace              |    83 |       ||    83
       Long sword        |    18 |   100 ||   118
       Trident           |     4 |       ||     4
 Fire: Hand crossbow     |     5 |       ||     5
 Cast: Corona            |     2 |     6 ||     8
       Slow              |       |     1 ||     1
  Use: Scroll            |     6 |     3 ||     9
       Potion            |       |     2 ||     2
  Eat: Chunk             |     2 |     3 ||     5
Armor: Robe              |     1 |       ||     1
       Ring mail         |    66 |    49 ||   115
Dodge: Dodged            |   111 |    76 ||   187
       Rpst.: Long sword |     8 |    17 ||    25
